 Dungeon Crawl Stone Soup version 0.30-a0-799-g109b55a442 (webtiles) character file.

Game seed: 7789125982162342054

410 cforsyth the Magician (level 7, -3/53 HPs)
             Began as a Djinni Conjurer on Feb 21, 2023.
             Slain by a scorpion (5 damage)
             ... on level 5 of the Dungeon.
             The game lasted 00:05:41 (3816 turns).

cforsyth the Magician (Djinni Conjurer)             Turns: 3816, Time: 00:05:42

Health: -3/53      AC:  3    Str:  6    XL:     7   Next: 13%
Gold:   291        EV: 12    Int: 22    God:
                   SH:  0    Dex: 11

rFire   + + .      SeeInvis .    (no weapon)
rCold   x . .      Faith    .    (no shield)
rNeg    . . .      Spirit   .    a - +0 robe
rPois   ∞          Reflect  .    m - +0 helmet
rElec   .          Harm     .    (no cloak)
rCorr   .          Rampage  .    (no gloves)
Will    .....                    (boots unavailable)
Stlth   ++                       (no amulet)
HPRegen 0.28/turn                (no ring)
MPRegen 0.00/turn                (no ring)

@: flying, very slightly contaminated
A: sickness immunity, fire resistance 2, cold vulnerability 1, float, innate
caster, HP casting, extra vitality 1
a: no special abilities


You were on level 5 of the Dungeon.
You visited 1 branch of the dungeon, and saw 5 of its levels.

You collected 291 gold pieces.

Inventory:

Armour
 a - a +0 robe (worn)
 m - a +0 helmet (worn)
Wands
 p - a wand of digging (8)
Scrolls
 b - 3 scrolls of teleportation {unknown}
 f - a scroll of amnesia {unknown}
 i - 3 scrolls of identify {unknown}
 j - a scroll of enchant armour {unknown}
 l - a scroll of noise {unknown}
 q - a scroll of acquirement {unknown}
 r - a scroll of immolation {unknown}
 s - a scroll of fear {unknown}
 t - a scroll of magic mapping {unknown}
Potions
 c - 3 potions of degeneration {unknown}
 d - 2 potions of lignification {unknown}
 e - 2 potions of berserk rage {unknown}
 g - 2 potions of cancellation {unknown}
 h - 2 potions of flight {unknown}
 k - a potion of resistance {unknown}
 n - a potion of brilliance {unknown}
 o - 2 potions of haste {unknown}


   Skills:
 + Level 4.6 Fighting
 - Level 2.1 Dodging
 - Level 1.5 Stealth
 + Level 4.9 Spellcasting


You knew the following spells:

 Your Spells              Type           Power      Damage    Failure   Level
a - Magic Dart            Conj           100%       1d8       1%          1
b - Searing Ray           Conj           54%        2d6       1%          2
c - Dazzling Flash        Conj/Hex       54%        N/A       4%          3
d - Fulminant Prism       Conj/Hex       13%        3d8       13%         4
e - Iskenderun's Mystic   Conj/Tloc      27%        2d7       13%         4
f - Necrotise             Necr           100%       1d9       1%          1
g - Momentum Strike       Conj/Tloc      54%        3d9       1%          2
h - Wereblood             Tmut           27%        N/A       1%          2
Your spell library was empty.

Dungeon Overview and Level Annotations

Branches:
Dungeon (5/15)             Temple (0/1) D:4

Altars:
Dithmenos
Nemelex Xobeh
Okawaru
Qazlal
Ru
Yredelemnul

Annotations:
D:4 1 runed translucent door, GiantSquids's ghost, amateur VSBe


Innate Abilities, Weirdness & Mutations

You are immune to sickness and miasma.
You are immune to poison.
Your flesh is very heat resistant. (rF++)
You are vulnerable to cold. (rC-)
You float through the air rather than walking.
You learn spells naturally, not from books.
Your magical power is your life essence.
You have superior vitality. (+4 MHP)


Message History

Press: ? - help, Shift-Dir - straight line, f/p - scorpion
Aim: a scorpion (severely wounded, 100% to hit)
The magic dart hits the scorpion but does no damage.
The scorpion is severely wounded.
Casting: Magic Dart (safe; 1% risk of failure)
Confirm with . or Enter, or press ? or * to list all spells.
Aiming: Magic Dart (safe; 1% risk of failure)
Press: ? - help, Shift-Dir - straight line, f/p - scorpion
Aim: a scorpion (severely wounded, 100% to hit)
The magic dart hits the scorpion but does no damage.
The scorpion is severely wounded.
The scorpion stings you but does no damage.
Casting: Magic Dart (safe; 1% risk of failure)
Confirm with . or Enter, or press ? or * to list all spells.
The spell is quite dangerous to miscast (13% risk of failure)!
Continue anyway?
You miscast Iskenderun's Mystic Blast.
You are very lightly contaminated with residual magic.
You feel a strange surge of energy!
* * * LOW HITPOINT WARNING * * *
x2 The scorpion completely misses you.
Casting: Iskenderun's Mystic Blast (quite dangerous; 13% risk of failure)
Confirm with . or Enter, or press ? or * to list all spells.
The spell is quite dangerous to miscast (13% risk of failure)!
Continue anyway?
You erupt in a blast of force!
The mystic blast hits the scorpion.
The scorpion is almost dead.
The scorpion is knocked back by the mystic blast.
* * * LOW HITPOINT WARNING * * *
Casting: Iskenderun's Mystic Blast (quite dangerous; 13% risk of failure)
Confirm with . or Enter, or press ? or * to list all spells.
The spell is quite dangerous to miscast (13% risk of failure)!
Continue anyway?
You miscast Iskenderun's Mystic Blast.
Nothing appears to happen.
* * * LOW HITPOINT WARNING * * *
The scorpion closely misses you.
Casting: Iskenderun's Mystic Blast (quite dangerous; 13% risk of failure)
Confirm with . or Enter, or press ? or * to list all spells.
The spell is quite dangerous to miscast (13% risk of failure)!
Continue anyway?
You miscast Iskenderun's Mystic Blast.
Nothing appears to happen.
* * * LOW HITPOINT WARNING * * *
The scorpion stings you.
You die...

## # ### ...#. ..#
....###.### #
........ #
....##...#######.#
...†...<†........#
.[...###@s........
..................
....#######†......
....... ##.....
..... ..>. ... ...


You could see a scorpion.

Vanquished Creatures
  A black bear (D:5)
  A necrophage (D:5)
  An orc priest (D:4)
  2 iguanas
  Ijyb (D:3)
  3 gnolls (D:3)
  2 adders (D:3)
  A worm (D:2)
  A dart slug (D:3)
  7 orcs
  7 ball pythons
  2 bats
  6 endoplasms
  4 giant cockroaches
  10 goblins
  6 hobgoblins
  4 jackals (D:2)
  4 quokkas
  3 frilled lizards
  11 kobolds
  4 rats
81 creatures vanquished.

Vanquished Creatures (others)
  5 fulminant prisms
5 creatures vanquished.

Grand Total: 86 creatures vanquished

Notes
Turn   | Place    | Note
-------+----------+-------------------------------------------
     0 | D:1      | cforsyth the Djinni Conjurer began the quest for the Orb.
     0 | D:1      | cforsyth set off with the following spells memorised: Magic
                  | Dart, Searing Ray, Dazzling Flash, Fulminant Prism,
                  | Iskenderun's Mystic Blast.
     0 | D:1      | Reached XP level 1. HP: 15/15 MP: 0/0
   238 | D:1      | Reached XP level 2. HP: 21/22 MP: 0/0
   248 | D:1      | Reached skill level 1 in Fighting
   599 | D:1      | Reached XP level 3. HP: 27/27 MP: 0/0
   599 | D:1      | Learned a level 1 spell: Necrotise
  1328 | D:2      | Reached XP level 4. HP: 31/33 MP: 0/0
  1753 | D:3      | Identified the +3 ring mail of the Sufficient God {Int+3}
  1850 | D:3      | Found an iron altar of Okawaru.
  1898 | D:3      | Reached XP level 5. HP: 40/40 MP: 0/0
  1898 | D:3      | Learned a level 2 spell: Momentum Strike
  2031 | D:3      | Noticed Ijyb
  2044 | D:3      | Killed Ijyb
  2224 | D:3      | Found a basalt altar of Yredelemnul.
  2420 | D:4      | Found a sacrificial altar of Ru.
  2420 | D:4      | Found a shadowy altar of Dithmenos.
  2479 | D:4      | Found a staircase to the Ecumenical Temple.
  2540 | D:4      | Found a runed translucent door.
  2550 | D:4      | Noticed GiantSquids's ghost (amateur VSBe)
  2598 | D:4      | Found a stormy altar of Qazlal.
  3000 | D:4      | Reached XP level 6. HP: 28/47 MP: 0/0
  3112 | D:4      | Found a sparkling altar of Nemelex Xobeh.
  3608 | D:5      | Entered Level 5 of the Dungeon
  3667 | D:5      | Noticed a black bear
  3801 | D:5      | Killed a black bear
  3802 | D:5      | Reached XP level 7. HP: 31/53 MP: 0/0
  3802 | D:5      | Learned a level 2 spell: Wereblood
  3816 | D:5      | Slain by a scorpion

Illustrated notes

Levels and vault maps discovered:
D:1:      dpeg_arrival_arbitrary_c, layout_basic
D:2:      layout_loops_ring, amcnicky_mini_pool_small,
          dreamdust_princess_corridor, minmay_misc_feat_iff
D:3:      minmay_recursive_quarters, layout_rooms, yredelemnul_altar_generic,
          okawaru_ov_weapons_minmay, uniq_ijyb
D:4:      layout_gridville, overflow_temple_1_default,
          nicolae_overflow_quartered_altars, grunt_qazlal_sundering,
          temple_doors_e, ebering_ghost_sewer_d
D:5:      layout_basic, nicolae_uskayaw_en_pointe,
          mainiacjoe_overflow_boulevard, serial_shops, kennysheep_mini_moat,
          uniq_sigmund

Skill      XL: |  1  2  3  4  5  6 |
---------------+-------------------+-----
Fighting       | 1 2 3 4 |  4.6
Spellcasting   | 4 |  4.9
Dodging        | |  2.1
Stealth        | |  1.5

Action                     |  1- 3 |  4- 6 |  7- 9 || total
---------------------------+-------+-------+-------++-------
   Cast: Magic Dart        |    80 |    76 |     6 ||   162
         Iskenderun's Myst |       |    20 |     2 ||    22
         Fulminant Prism   |       |     5 |       ||     5
 Armour: Robe              |     3 |     4 |     1 ||     8
  Dodge: Dodged            |     1 |    13 |     2 ||    16

Table legend: (Time is in decaauts)
 A = Elapsed time spent in this place.
 B = Non-inter-level travel time spent in this place.
 C = Inter-level travel time spent in this place.
 D = Time resting spent in this place.
 E = Time spent auto-exploring this place.
 F = Levels seen in this place.
 G = Mean time per level.
                   A        B        C        D        E       F      G
               +--------+--------+--------+--------+--------+-----+--------+
         Total |   3818 |   3740 |     78 |    586 |   2723 |   5 |  763.6 |
       Dungeon |   3818 |   3740 |     78 |    586 |   2723 |   5 |  763.6 |
               +--------+--------+--------+--------+--------+-----+--------+

Top non-repeatable levels by time:
     D:3: 1126 daAuts
     D:4: 971 daAuts
     D:2: 908 daAuts
     D:1: 727 daAuts
     D:5: 86 daAuts
